 Dungeon Crawl Stone Soup version 0.31.0-1-g2c135a008e (webtiles) character file.

Game seed: 1409493269195105210

662 qw the Shooter (level 7, -1/52 HPs)
             Began as a Djinni Hunter on Jan 24, 2024.
             Slain by an orc wizard
             ... wielding a +0 dagger
              (2 damage)
             ... on level 5 of the Dungeon.
             The game lasted 00:00:11 (2820 turns).

qw the Shooter (Djinni Hunter)                      Turns: 2820, Time: 00:00:12

Health: -1/52      AC:  5    Str: 10    XL:     7   Next: 87%
Gold:   297        EV: 11    Int: 11    God:
                   SH:  0    Dex: 18

rFire   + + +        a - +0 shortbow (drain)
rCold   x . .        (shield currently unavailable)
rNeg    . . .        f - +0 ring mail
rPois   inf          (no helmet)
rElec   .            (no cloak)
rCorr   .            (no gloves)
SInv    .            (boots unavailable)
Will    .....        (no amulet)
Stlth   +            k - ring of protection from fire
HPRegen 0.28/turn    (no ring)
MPRegen 0.00/turn

%: infuse magic (-2 HP)
@: flying
A: sickness immunity, fire resistance 2, cold vulnerability 1, float, innate
caster, HP casting, extra vitality 1
a: no special abilities


You were on level 5 of the Dungeon.
You visited 1 branch of the dungeon, and saw 5 of its levels.

You collected 297 gold pieces.


Innate Abilities, Weirdness & Mutations

You are immune to sickness and miasma.
You are immune to poison.
Your flesh is very heat resistant. (rF++)
You are vulnerable to cold. (rC-)
You float through the air rather than walking.
You learn spells naturally, not from books.
Your magical power is your life essence.
You have superior vitality. (+4 MHP)


   Skills:
 - Level 4.0 Fighting
 + Level 6.2 Ranged Weapons
 - Level 1.2 Armour
 - Level 3.6 Dodging
 - Level 0.7 Stealth


You knew the following spells:

 Your Spells              Type           Power      Damage    Failure   Level
a - Summon Small Mammal   Summ           0%         N/A       65%         1
b - Static Discharge      Conj/Air       0%         3-3/arc   80%         2
c - Vampiric Draining     Necr           0%         2d6       95%         3
Your spell library was empty.

Inventory:

Hand Weapons
 a - a +0 shortbow of draining (weapon)
Armour
 f - a +0 ring mail (worn)
 h - the +2 pair of gloves "Curphev" {-Tele Str+3 Int+7}
   (You found it on level 3 of the Dungeon)

   Str+3:     It affects your strength (+3).
   Int+7:     It affects your intelligence (+7).
   -Tele:     It prevents most forms of teleportation.
Jewellery
 k - a ring of protection from fire (left hand)
Wands
 e - a wand of charming (11)
Potions
 b - a potion of cancellation
 c - a potion of mutation {unknown}
 d - a potion of brilliance {unknown}
 g - 2 potions of curing
 i - a potion of lignification {unknown}
 p - a potion of haste {unknown}

Dungeon Overview and Level Annotations

Branches:
Dungeon (5/15)
 Temple: D:4-7

Altars:
Yredelemnul
The Shining One


Message History

You kill the orc priest!
Something barely misses you. The orc completely misses you.
You shoot an arrow. The arrow hits the orc.
The orc is moderately wounded.
You hear some strange, mumbled words.
A magic dart appears from out of thin air!
The magic dart hits you! The orc misses you.
You shoot an arrow. The arrow barely misses the orc.
The orc hits you with a +0 short sword.
You hear some strange, mumbled words.
A puff of flame appears from out of thin air!
The puff of flame hits you but does no damage.
You resist. The orc misses you. Something hits you but does no damage.
You shoot an arrow. The arrow hits the orc.
The orc is heavily wounded.
You hear some strange, mumbled words.
A puff of flame appears from out of thin air!
The puff of flame hits you. You resist. The orc barely misses you.
You shoot an arrow. The arrow closely misses the orc.
Something hits you. The orc hits you but does no damage.
You shoot an arrow. The arrow closely misses the orc.
Something hits you but does no damage. The orc barely misses you.
You shoot an arrow. The arrow hits the orc.
You drain the orc.
You kill the orc!
You hear some strange, mumbled words.
A magic dart appears from out of thin air!
The magic dart hits you. Something hits you but does no damage.
You shoot an arrow. Something hits you but does no damage.
You shoot an arrow. Something hits you.
You shoot an arrow. Something hits you but does no damage.
You shoot an arrow. Something hits you.
You shoot an arrow.
Something hits you but does no damage. x2
You shoot an arrow. Something hits you.
You die...

##.#...#######...
#..###...#.......
##....###.....#
#......###..###
##.......##..#
#.........#..#
##..........#.##
#...........#..#
##...........@{.#
#............)$.#
##.#...........#.#
#..##.........##>##
##.###........###..#
#..# #......# #.%#
##.## #....# ##.#
#...## #### #o#
.....## #o##


There were no monsters in sight!

Vanquished Creatures
  A black bear (D:5)
  2 ogres
  A howler monkey (D:4)
  A bombardier beetle (D:4)
  An orc priest (D:5)
  2 hounds
  3 iguanas
  An orc wizard (D:5)
  4 gnolls (D:4)
  3 adders
  3 dart slugs
  A ribbon worm (D:2)
  11 orcs
  11 bats
  5 endoplasms
  4 giant cockroaches
  5 goblins
  6 hobgoblins
  4 quokkas
  5 ball pythons
  3 frilled lizards (D:1)
  3 kobolds
  A rat (D:2)
81 creatures vanquished.

Notes
Turn   | Place    | Note
-------+----------+-------------------------------------------
     0 | D:1      | qw the Djinni Hunter began the quest for the Orb.
     0 | D:1      | Reached XP level 1. HP: 18/18 MP: 0/0
     0 | D:1      | 0 ||| qw: Version: 0.3-a-136-gdd3b4e8
     0 | D:1      | 0 ||| qw: Game counter: 1255
     0 | D:1      | 0 ||| qw: Melee chars always use a shield: true
     0 | D:1      | 0 ||| qw: God list: Okawaru
     0 | D:1      | 0 ||| qw: Allow faded altars: false
     0 | D:1      | 0 ||| qw: Do Orc after clearing Dungeon:15 true
     0 | D:1      | 0 ||| qw: Do second Lair branch before Depths: true
     0 | D:1      | 0 ||| qw: Lair rune preference: random
     0 | D:1      | 0 ||| qw: Goals: Normal
     0 | D:1      | 0 ||| PLANNING D:1-11
   131 | D:1      | Reached XP level 2. HP: 23/23 MP: 0/0
   402 | D:1      | Reached skill level 4 in Ranged Weapons
   402 | D:1      | Reached XP level 3. HP: 28/28 MP: 0/0
   402 | D:1      | Learned a level 1 spell: Summon Small Mammal
   629 | D:1      | 629 ||| UPGRADING to +0 ring mail.
   639 | D:1      | 639 ||| DROPPING +0 leather armour.
   640 | D:1      | 640 ||| READING scroll labelled YCKUAC XACS.
   741 | D:1      | 741 ||| READING scroll labelled GALEPR SYEGAUR.
   741 | D:1      | 741 ||| BRANDING +0 shortbow.
   742 | D:1      | 742 ||| DROPPING scroll of butterflies.
   818 | D:2      | Reached skill level 1 in Armour
   827 | D:2      | Reached XP level 4. HP: 34/34 MP: 0/0
  1021 | D:2      | Reached skill level 3 in Fighting
  1086 | D:2      | Identified the +10 spear of Tension {protect, rF- rC- rN+
                  | Int+7}
  1226 | D:2      | 1226 ||| READING scroll labelled IPITIGGUURO.
  1226 | D:2      | 1226 ||| IDENTIFYING smoky inky potion
  1227 | D:2      | 1227 ||| READING scroll labelled VEGOIN GOFOS.
  1230 | D:2      | 1230 ||| READING scroll labelled WAYSE LUPN.
  1231 | D:2      | 1231 ||| DROPPING potion of degeneration.
  1407 | D:3      | Found a glowing golden altar of the Shining One.
  1409 | D:3      | Noticed an angel
  1419 | D:3      | Found a basalt altar of Yredelemnul.
  1421 | D:3      | Noticed a profane servitor
  1482 | D:3      | Noticed an ogre
  1486 | D:3      | Killed an ogre
  1487 | D:3      | Reached XP level 5. HP: 27/40 MP: 0/0
  1487 | D:3      | Learned a level 2 spell: Static Discharge
  1597 | D:3      | Identified the +2 pair of gloves "Curphev" {-Tele Str+3
                  | Int+7}
  1745 | D:4      | Reached skill level 5 in Ranged Weapons
  1763 | D:4      | Noticed an ogre
  1770 | D:4      | Killed an ogre
  1771 | D:4      | Reached skill level 3 in Dodging
  1771 | D:4      | Reached XP level 6. HP: 25/46 MP: 0/0
  2088 | D:4      | Reached XP level 7. HP: 52/52 MP: 0/0
  2088 | D:4      | Learned a level 3 spell: Vampiric Draining
  2152 | D:4      | HP: 11/52 [orc/+0 falchion (4)]
  2153 | D:4      | 2153 ||| READING scroll of teleportation.
  2575 | D:4      | 2575 ||| UPGRADING to ring of protection from fire.
  2576 | D:4      | 2576 ||| READING scroll of identify.
  2576 | D:4      | 2576 ||| IDENTIFYING white potion
  2577 | D:4      | 2577 ||| READING scroll labelled BOLYUNIGAI.
  2577 | D:4      | 2577 ||| ENCHANTING +0 shortbow of draining.
  2578 | D:4      | 2578 ||| READING scroll labelled MAW DETWYMUO.
  2579 | D:4      | 2579 ||| READING 2 scrolls labelled SYPPUH APIA.
  2580 | D:4      | 2580 ||| READING scroll labelled NISTAN KOTO.
  2581 | D:4      | 2581 ||| DRINKING 3 ruby potions.
  2582 | D:4      | 2582 ||| DROPPING scroll of fear.
  2595 | D:5      | Entered Level 5 of the Dungeon
  2596 | D:5      | 2596 ||| PLANNING SEWER
  2769 | D:5      | Reached skill level 6 in Ranged Weapons
  2783 | D:5      | 2783 ||| FLEEEEING.
  2784 | D:5      | 2784 ||| FLEEEEING.
  2785 | D:5      | 2785 ||| FLEEEEING.
  2786 | D:5      | 2786 ||| FLEEEEING.
  2787 | D:5      | 2787 ||| FLEEEEING.
  2788 | D:5      | 2788 ||| FLEEEEING.
  2789 | D:5      | 2789 ||| FLEEEEING.
  2800 | D:5      | 2800 ||| DRINKING 3 potions of curing.
  2800 | D:5      | 2800 ||| (to cure confusion)
  2810 | D:5      | HP: 11/52 [orc/+0 short sword (4)]
  2814 | D:5      | HP: 3/52 [something/magic dart (5)]
  2816 | D:5      | HP: 1/52 [something (3)]
  2820 | D:5      | Slain by an orc wizard

Levels and vault maps discovered:
D:1:      nzn_arrival_water_spiral, layout_loops_ring, minmay_tall_x
D:2:      layout_rooms
D:3:      layout_basic, grunt_temple_overflow_holy_war,
          minmay_misc_feat_enclosed
D:4:      layout_loops_cross
D:5:      layout_cave_pods, mainiacjoe_overflow_alcove_1,
          gup_sewer_entry_bubbles

Skill      XL: |  1  2  3  4  5  6  7 |
---------------+----------------------+-----
Ranged Weapons | 4 5 6 |  6.2
Armour         | 1 |  1.2
Fighting       | 3 4 |  4.0
Dodging        | 3 |  3.6
Stealth        | |  0.7

Action                     |  1- 3 |  4- 6 |  7- 9 || total
---------------------------+-------+-------+-------++-------
   Fire: Shortbow          |    97 |    75 |   107 ||   279
    Use: Scroll            |     2 |     3 |     6 ||    11
         Potion            |       |       |     2 ||     2
 Armour: Leather armour    |    21 |       |       ||    21
         Ring mail         |     6 |    16 |    66 ||    88
  Dodge: Dodged            |    31 |     9 |    50 ||    90

Table legend:
 A = Non-vault XP
 B = Vault XP
 C = Vault XP percentage of total XP
 D = Non-vault monster count
 E = Vault monster count
 F = Vault count percentage of total count
                 A         B        C        D         E       F
            +---------+---------+-------+---------+---------+-------
      Total |     938 |       9 |   1.0 |      77 |       4 |   4.9
            +---------+---------+-------+---------+---------+-------
        D:1 |      34 |       9 |  20.9 |      22 |       4 |  15.4
        D:2 |      53 |       0 |   0.0 |      14 |       0 |   0.0
        D:3 |     125 |       0 |   0.0 |       7 |       0 |   0.0
        D:4 |     390 |       0 |   0.0 |      25 |       0 |   0.0
        D:5 |     336 |       0 |   0.0 |       9 |       0 |   0.0
            +---------+---------+-------+---------+---------+-------
